 Dungeon Crawl Stone Soup version 0.19.1 (webtiles) character file.

49 Menchi the Shooter (level 3, -1/32 HPs)
             Began as a Naga Hunter on Dec 11, 2016.
             Slain by a gnoll
             ... wielding a +0 halberd
              (12 damage)
             ... on level 3 of the Dungeon.
             The game lasted 00:07:07 (1604 turns).

Menchi the Shooter (Naga Hunter)                    Turns: 1604, Time: 00:07:08

Health: -1/32      AC:  2    Str: 14    XL:     3   Next: 75%
Magic:  3/3        EV:  5    Int: 11    God:
Gold:   55         SH:  0    Dex: 12    Spells: 0 memorised, 2 levels left

rFire  . . .     SeeInvis +     p - +0 hunting sling
rCold  . . .     Gourm    .     c - +0 leather armour
rNeg   . . .     Faith    .     (no shield)
rPois  +         Spirit   .     (no helmet)
rElec  .         Reflect  .     (no cloak)
rCorr  .         Harm     .     (no gloves)
MR     .....                    (no barding)
Stlth  ++........               (no amulet)
                                (no ring)
                                (no ring)

@: held, very slow
A: see invisible, deformed body, poison resistance, slowness 2, slow metabolism
1, spit poison 1, AC +1
a: Spit Poison


You were on level 3 of the Dungeon.
You were not hungry.

You visited 1 branch of the dungeon, and saw 3 of its levels.

You collected 55 gold pieces.

Inventory:

Hand Weapons
 a - a +1 shortbow
 b - a +0 short sword
 p - a +0 hunting sling (weapon)
Missiles
 d - 7 arrows
 j - 47 stones (quivered)
Armour
 c - a +0 leather armour (worn)
Scrolls
 e - 2 scrolls of random uselessness {unknown}
 i - a scroll of immolation {unknown}
 l - a scroll of identify {unknown}
Potions
 h - a potion of heal wounds {unknown}
 m - a potion of might {unknown}
 n - 2 potions of ambrosia {unknown}
Comestibles
 f - 3 bread rations
 g - 2 fruits
 o - a meat ration


   Skills:
 + Level 2.2 Fighting
 + Level 4.5 Bows
 + Level 0.2 Armour
 + Level 1.7 Dodging
 + Level 2.1 Stealth


You had 2 spell levels left.
You didn't know any spells.

Dungeon Overview and Level Annotations

Branches:
Dungeon (3/15)

Altars:


Innate Abilities, Weirdness & Mutations

You cannot wear boots.
Your serpentine skin is tough. (AC +1)
You have supernaturally acute eyesight. (SInv)
Armour fits poorly on your strangely shaped body.
Your system is resistant to poisons. (rPois)
You cover ground very slowly.
You have a slow metabolism.
You can spit poison.


Message History

The gnoll shouts! x3
Found a scroll labeled SYEPRIJARE and 10 gold pieces.
Found an escape hatch in the ceiling.
Found a stone staircase leading up.
The hobgoblin shouts!
A gnoll comes into view. It is wielding a flail.
The dart slug bites you but does no damage.
The gnoll hits you from afar with a spear!
Found 22 bolts.
Found a stone staircase leading down.
The ooze quivers.
The gnoll throws a throwing net.
The throwing net hits you.
You become entangled in the net!
The hobgoblin barely misses you.
The gnoll hits you from afar with a spear!
The dart slug bites you.
You see here a throwing net.
You struggle against the net.
The gnoll shouts!
The quokka bites you. The hobgoblin hits you.
The gnoll hits you but does no damage.
The gnoll hits you from afar with a halberd!
You die...

#.###........##
#..#...........
#.............
##..........#
#...........#
#....?.J....#.
#............
#..........#
#..@wgg<.....
#..grg.......
#..g.g.....#.
......rg....#
#......<$.....#
#.............#
#..............
#.>......(..#.#


You could see 6 gnolls, an ooze, a dart slug, a quokka, a hobgoblin and a rat.

Vanquished Creatures
  An adder (D:2)
  A worm (D:2)
  2 dart slugs
  2 leopard geckos
  3 bats
  2 giant cockroaches (D:1)
  5 goblins
  A hobgoblin (D:1)
  A ball python (D:2)
  A frilled lizard (D:1)
  7 kobolds
  5 rats
31 creatures vanquished.

Notes
Turn   | Place    | Note
-------+----------+-------------------------------------------
     0 | D:1      | Menchi the Naga Hunter began the quest for the Orb.
     0 | D:1      | Reached XP level 1. HP: 19/19 MP: 1/1
   394 | D:1      | Reached XP level 2. HP: 26/26 MP: 2/2
   580 | D:1      | Reached skill level 4 in Bows
   988 | D:2      | Reached XP level 3. HP: 32/32 MP: 3/3
   989 | D:2      | Found a faded altar of an unknown god.
  1600 | D:2      | You fall through a shaft!
  1604 | D:3      | Slain by a gnoll

Skill      XL: |  1  2  3 |
---------------+----------+-----
Bows           | 4 |  4.5
Stealth        | 2 |  2.1
Fighting       | |  2.2
Armour         | |  0.2
Dodging        | |  1.7

Action                   || total
-------------------------++-------
 Fire: Shortbow          ||    85
       Hunting sling     ||     1
  Eat: Fruit             ||     6
Armor: Leather armour    ||    10
Dodge: Dodged            ||    18
